 Seeded DCSS version 0.29-a0-472-ge5599a681e (webtiles) character file.

Game seed: 5070638151313211060 (custom seed)

86 bwicke the Poker (level 4, -4/33 HPs)
             Began as a Demonspawn Gladiator on May 23, 2022.
             Slain by a hobgoblin
             ... wielding a +0 glaive
              (15 damage)
             ... on level 2 of the Dungeon.
             The game lasted 00:04:40 (1753 turns).

bwicke the Poker (Demonspawn Gladiator)             Turns: 1753, Time: 00:04:44

Health: -4/33      AC:  4    Str: 16    XL:     4   Next: 26%
Magic:  4/4        EV: 12    Int: 10    God:
Gold:   69         SH:  0    Dex: 14    Spells: 3/3 levels left

rFire   . . .      SeeInvis .   a - +0 trident
rCold   . . .      Faith    .   (no shield)
rNeg    . . .      Spirit   .   b - +0 leather armour
rPois   .          Reflect  .   c - +0 helmet
rElec   .          Harm     .   (no cloak)
rCorr   .          Rampage  .   (no gloves)
Will    .....                   (no boots)
Stlth   +.........              (no amulet)
HPRegen 0.11/turn               (no ring)
MPRegen 0.09/turn               (no ring)

@: no status effects
A: hooves 2, spiny 1
a: no special abilities


You were on level 2 of the Dungeon.
You visited 1 branch of the dungeon, and saw 2 of its levels.

You collected 69 gold pieces.

Inventory:

Hand Weapons
 a - a +0 trident (weapon)
 g - a +1 dagger of draining
 p - a +2 short sword of draining
 r - a +2 dagger of venom
Missiles
 d - 3 throwing nets (quivered)
 e - 7 javelins
 j - 3 poisoned darts
 n - 43 stones
Armour
 b - a +0 leather armour (worn)
 c - a +0 helmet (worn)
Scrolls
 h - a scroll of enchant armour {unknown}
 i - 3 scrolls of identify {unknown}
 m - 2 scrolls of vulnerability {unknown}
 q - a scroll of amnesia {unknown}
Potions
 f - a potion of flight {unknown}
 k - 2 potions of curing {unknown}
 l - 2 potions of brilliance {unknown}
 o - 3 potions of haste {unknown}


   Skills:
 - Level 2.0 Fighting
 + Level 4.7 Polearms
 - Level 1.7 Throwing
 - Level 2.6 Dodging


You had 3 spell levels left.
You didn't know any spells.
Your spell library was empty.

Dungeon Overview and Level Annotations

Branches:
Dungeon (2/15)

Altars:


Innate Abilities, Weirdness & Mutations

You have hoof-like feet.
You are partially covered in sharp spines.


Message History

The endoplasm freezes you.
You are frozen.
You hit the endoplasm.
You punch the endoplasm, but do no damage.
The endoplasm is almost dead.
The endoplasm closely misses you.
You hit the endoplasm but do no damage. You kick the endoplasm.
You kill the endoplasm!
You hit the kobold but do no damage. The kobold hits you but does no damage.
You hit the kobold.
The kobold is moderately wounded.
The kobold hits you but does no damage.
You closely miss the kobold.
The kobold is moderately wounded.
The kobold closely misses you.
You completely miss the kobold.
The kobold is moderately wounded.
The kobold is struck by your spines. The kobold hits you with a +0 dagger.
You closely miss the kobold. You kick the kobold.
You kill the kobold!
The adder closely misses you.
You puncture the adder! You kick the adder.
You kill the adder!
The hobgoblin drinks a potion.
The hobgoblin seems to grow stronger.
You reach to attack!
You closely miss the hobgoblin.
The hobgoblin hits you from afar with a +0 glaive!
You are too injured to fight recklessly!
Reach: a) +0 trident
Press: ? - help, Dir - move target, f/p - hobgoblin
Aim: a hobgoblin, wielding a +0 glaive (strong, about 40% to evade your +0 trident)
You reach to attack!
You hit the hobgoblin.
The hobgoblin is severely wounded.
The hobgoblin closely misses you.
Reach: a) +0 trident
Press: ? - help, Dir - move target, f/p - hobgoblin
Aim: a hobgoblin, wielding a +0 glaive (severely wounded, strong, about 40% to evade your +0 trident)
You reach to attack!
You hit the hobgoblin but do no damage.
The hobgoblin is severely wounded.
The hobgoblin hits you from afar with a +0 glaive!
You die...

#......#..# 8..8
##...##.†#
#.....##..# #..#
#...###.#
#.....##### #..#
#...# #.) #......#
#..#######...# ###
##...#.##
#).#.........#####
###.#..#
#..#..............
#.#..#
#g##......#.....†.
####....#
#)##......+.>.....
....<#.##
#@........#.......
.......#
####......#.......
.#######
########....... .#
#....... .#
#..†.... .#
#.....[. .#
#....... ##
#....... ########


You could see a hobgoblin (strong).

Vanquished Creatures
  4 adders (D:2)
  A dart slug (D:2)
  4 endoplasms
  4 goblins (D:1)
  8 hobgoblins
  2 quokkas
  3 ball pythons
  5 bats
  2 frilled lizards (D:2)
  10 kobolds
  4 rats
47 creatures vanquished.

Notes
Turn   | Place    | Note
-------+----------+-------------------------------------------
     0 | D:1      | bwicke the Demonspawn Gladiator began the quest for the
                  | Orb.
     0 | D:1      | Reached XP level 1. HP: 16/16 MP: 1/1
   145 | D:1      | Reached skill level 3 in Polearms
   377 | D:1      | Gained mutation: You have large cloven feet. [demonic
                  | ancestry]
   377 | D:1      | Reached XP level 2. HP: 22/22 MP: 2/2
   538 | D:1      | Found a faded altar of an unknown god.
  1166 | D:2      | Reached skill level 4 in Polearms
  1166 | D:2      | Gained mutation: You have hoof-like feet. [demonic
                  | ancestry]
  1166 | D:2      | Reached XP level 3. HP: 19/27 MP: 3/3
  1561 | D:2      | Gained mutation: You are partially covered in sharp spines.
                  | [demonic ancestry]
  1561 | D:2      | Reached XP level 4. HP: 24/33 MP: 4/4
  1753 | D:2      | Slain by a hobgoblin

Illustrated notes

Levels and vault maps discovered:
D:1:      nagdon_arrival_zigzag_paths, layout_loops_ring,
          dreamdust_ecumenical_altar_angels_and_demons
D:2:      minmay_chambers_of_twos, layout_basic, basic_altar,
          minmay_split_cup_large

Skill      XL: |  1  2 |
---------------+-------+-----
Polearms       | 3 4 |  4.7
Fighting       | |  2.0
Throwing       | |  1.7
Dodging        | |  2.6

Action                   |  1- 3 |  4- 6 || total
-------------------------+-------+-------++-------
Melee: Trident           |   106 |    19 ||   125
       Kick              |    19 |     4 ||    23
       Punch             |       |     1 ||     1
Armor: Leather armour    |    21 |     3 ||    24
Dodge: Dodged            |    72 |     6 ||    78

Table legend: (Time is in decaauts)
 A = Elapsed time spent in this place.
 B = Non-inter-level travel time spent in this place.
 C = Inter-level travel time spent in this place.
 D = Time resting spent in this place.
 E = Time spent auto-exploring this place.
 F = Levels seen in this place.
 G = Mean time per level.
                   A        B        C        D        E       F      G
               +--------+--------+--------+--------+--------+-----+--------+
         Total |   1767 |   1742 |     25 |    232 |   1082 |   2 |  883.5 |
       Dungeon |   1767 |   1742 |     25 |    232 |   1082 |   2 |  883.5 |
               +--------+--------+--------+--------+--------+-----+--------+

Top non-repeatable levels by time:
     D:1: 1028 daAuts
     D:2: 738 daAuts
